 Dungeon Crawl Stone Soup version 0.27.0-1-g7a089689b8 (webtiles) character file.

Game seed: 4172225063645002217

136 Leibowitz the Chopper (level 4, -3/37 HPs)
             Began as a Demigod Gladiator on Aug 9, 2021.
             Slain by an orc (5 damage)
             ... on level 3 of the Dungeon.
             The game lasted 00:04:49 (2829 turns).

Leibowitz the Chopper (Demigod Gladiator)           Turns: 2829, Time: 00:04:50

Health: -3/37      AC:  9    Str: 19    XL:     4   Next: 67%
Magic:  6/6        EV:  8    Int: 10    God:
Gold:   119        SH:  0    Dex: 15    Spells: 3/3 levels left

rFire    . . .     SeeInvis .   a - +0 war axe
rCold    . . .     Faith    .   (no shield)
rNeg     . . .     Spirit   .   m - +0 chain mail
rPois    .         Reflect  .   c - +0 helmet
rElec    .         Harm     .   (no cloak)
rCorr    .         Rampage  .   (no gloves)
Will     .....                  (no boots)
Stlth    ..........             (no amulet)
HPRegen  0.12/turn              (no ring)
MPRegen  0.10/turn              (no ring)

@: confused, invisible
A: high mp 1, forlorn
a: no special abilities


You were on level 3 of the Dungeon.
You visited 1 branch of the dungeon, and saw 3 of its levels.

You collected 119 gold pieces.

Inventory:

Hand Weapons
 a - a +0 war axe (weapon)
Missiles
 d - 3 throwing nets (quivered)
Armour
 c - a +0 helmet (worn)
 m - a +0 chain mail (worn)
Scrolls
 b - a scroll of acquirement {unknown}
 e - 2 scrolls of teleportation {unknown}
 f - 2 scrolls of enchant weapon {unknown}
 g - a scroll of brand weapon {unknown}
 h - 5 scrolls of identify {unknown}
 j - a scroll of summoning {unknown}
 k - a scroll of blinking {unknown}
 n - a scroll of immolation {unknown}
 o - a scroll of fog {unknown}
Potions
 i - a potion of lignification


   Skills:
 * Level 2.3 Fighting
 * Level 4.0 Axes
 - Level 1.7 Throwing
 * Level 1.6 Armour
 * Level 3.3 Dodging


You had 3 spell levels left.
You didn't know any spells.
Your spell library was empty.

Dungeon Overview and Level Annotations

Branches:
Dungeon (3/15)

Shops:
D:1 =   D:3 *


Innate Abilities, Weirdness & Mutations

Your attributes grow dramatically as you level up.
You have an increased reservoir of magic. (+10% MP)
You shall have no god before yourself.


Message History

You hear some strange, mumbled words.
A puff of flame appears from out of thin air!
The puff of flame hits you but does no damage.
You miss something. You hit the orc. The orc closely misses you.
You hear some strange, mumbled words.
A puff of flame appears from out of thin air!
The puff of flame hits you! The orc barely misses you.
You closely miss something. You barely miss the orc.
You hear some strange, mumbled words.
A puff of flame appears from out of thin air!
The puff of flame hits you but does no damage.
The orc barely misses you. Something hits you but does no damage.
You barely miss something. You barely miss the orc. The orc closely misses you.
You hear some strange, mumbled words.
A puff of flame appears from out of thin air!
The puff of flame hits you.
* * * LOW HITPOINT WARNING * * *
You closely miss something. You slash the orc!
You kill the orc!
Something hits you but does no damage. x2
Your chain mail prevents you from hitting something.
You hit the orc but do no damage. The orc barely misses you.
Something hits you but does no damage.
You hear some strange, mumbled words.
A magic dart appears from out of thin air!
The magic dart hits you.
* * * LOW HITPOINT WARNING * * *
The orc hits you but does no damage.
You closely miss something. You hit the orc.
Something hits you but does no damage. The orc hits you but does no damage.
You barely miss something. You barely miss the orc. Something hits you.
* * * LOW HITPOINT WARNING * * *
The orc barely misses you.
You hear some strange, mumbled words.
You are confused.
Unknown command.
It was a potion of invisibility.
You fade into invisibility!
The orc hits you with a +0 hand axe.
You die...

............# ...#
#'##.##.##... . #..#
............# .. #..#
.##.........# ... #..#
............# ....
#..######......#.# .....
#..........#.#.#.#
......##.#.....###.#.###
......o@.).....'...#.###
......{###.....#####.#..
....... #.....# #.#.#
######. #.....# #.# # #.
#.....# .# # #. #.....#
#. .........
###.###'#### #. #.


You could see an orc.

Vanquished Creatures
  Jessica (D:2)
  Robin (D:2)
  3 adders
  7 orcs (D:3)
  3 endoplasms
  A giant cockroach (D:2)
  14 goblins
  7 hobgoblins
  7 ball pythons
  7 bats
  4 frilled lizards
  4 kobolds
  5 rats
64 creatures vanquished.

Vanquished Creatures (others)
  A ball python (D:2)
  2 goblins (D:2)
3 creatures vanquished.

Grand Total: 67 creatures vanquished

Notes
Turn   | Place    | Note
-------+----------+-------------------------------------------
     0 | D:1      | Leibowitz the Demigod Gladiator began the quest for the
                  | Orb.
     0 | D:1      | Reached XP level 1. HP: 17/17 MP: 3/3
   543 | D:1      | Found Ownuogaocu's Jewellery Shop.
   590 | D:1      | Reached XP level 2. HP: 20/24 MP: 4/4
   789 | D:1      | Reached skill level 3 in Axes
  1004 | D:2      | Noticed Jessica
  1007 | D:2      | Killed Jessica
  1008 | D:2      | Reached XP level 3. HP: 29/29 MP: 5/5
  1058 | D:2      | Noticed Robin
  1077 | D:2      | Reached skill level 1 in Armour
  1078 | D:2      | Killed Robin
  1774 | D:2      | Reached XP level 4. HP: 25/36 MP: 6/6
  2346 | D:3      | Found Tuejuic's General Store.
  2587 | D:3      | Reached skill level 4 in Axes
  2828 | D:3      | HP: 1/37 [something (2)]
  2829 | D:3      | Slain by an orc

Illustrated notes

Levels and vault maps discovered:
D:1:      giann_wishing_wells, layout_basic,
          shapermc_ecumenical_altar_totnotflames, serial_shops, shop_statue
D:2:      layout_loops_cross, lemuel_old_faithful, uniq_robin, uniq_jessica
D:3:      layout_basic, serial_shops, shop, uniq_grinder

Skill      XL: |  1  2  3  4 |
---------------+-------------+-----
Axes           | 3 4 |  4.0
Fighting       | 2 |  2.3
Dodging        | 3 |  3.3
Armour         | 1 |  1.6
Throwing       | |  1.7

Action                   |  1- 3 |  4- 6 || total
-------------------------+-------+-------++-------
Melee: War axe           |    84 |    85 ||   169
  Use: Potion            |     1 |     1 ||     2
 Stab: Sleeping          |       |     1 ||     1
Armor: Leather armour    |    36 |    23 ||    59
       Skin              |    11 |       ||    11
       Chain mail        |       |    28 ||    28
Dodge: Dodged            |    68 |    49 ||   117
